 Dungeon Crawl Stone Soup version 0.32-a0-163-g159c032 (webtiles) character file.

Game seed: 1112722464105832227

2223 Dorkslayer the Cleaver (level 9, -4/78 HPs)
             Began as a Hill Orc Fighter on Feb 11, 2024.
             Was a Priest of Okawaru.
             Slain by Menkaure (16 damage)
             ... on level 6 of the Dungeon.
             The game lasted 00:12:50 (4618 turns).

Dorkslayer the Cleaver (Hill Orc Fighter)           Turns: 4618, Time: 00:12:51

Health: -4/78      AC: 11    Str: 23    XL:     9   Next: 35%
Magic:  11/11      EV: 10    Int:  8    God:    Okawaru [***...]
Gold:   221        SH:  6    Dex: 16    Spells: 8/8 levels left

rFire   . . .        a - +1 war axe
rCold   . . .        c - +1 buckler
rNeg    . . .        j - +0 chain mail
rPois   .            (no helmet)
rElec   .            (no cloak)
rCorr   .            b - +0 pair of gloves
SInv    .            (no boots)
Will    .....        (no amulet) Stlth
                     q - +6 ring of dexterity
HPRegen 0.33/turn    r - +4 ring of slaying
MPRegen 0.12/turn

%: no passive effects
@: no status effects
A: no striking features
a: Renounce Religion, Heroism


You were on level 6 of the Dungeon.
You worshipped Okawaru.
Okawaru was most pleased with you.
You visited 1 branch of the dungeon, and saw 6 of its levels.
You also visited: Ossuary.

You collected 221 gold pieces.

Inventory:

Hand Weapons
 a - a +1 war axe (weapon)
 f - a +2 flail of holy wrath
Missiles
 s - 5 javelins (quivered)
Armour
 b - a +0 pair of gloves (worn)
 c - a +1 buckler (worn)
 j - a +0 chain mail (worn)
Jewellery
 q - a +6 ring of dexterity (left hand)
 r - a +4 ring of slaying (right hand)
 t - a ring of positive energy
Wands
 o - a wand of iceblast (4)
 p - a wand of flame (4)
Scrolls
 g - a scroll of enchant armour
 n - a scroll of brand weapon {unknown}
 u - a scroll of acquirement {unknown}
 v - 3 scrolls of enchant weapon
 w - a scroll of fear {unknown}
Potions
 d - 4 potions of might
 e - a potion of mutation {unknown}
 h - 2 potions of berserk rage {unknown}
 i - 2 potions of brilliance
 k - 10 potions of curing
 l - a potion of invisibility {unknown}
 m - a potion of degeneration {unknown}


   Skills:
 + Level 6.7 Fighting
 + Level 8.7 Axes
 + Level 1.1 Throwing
 + Level 6.0 Armour
 * Level 3.6 Dodging
 + Level 0.4 Stealth
 + Level 5.0 Shields
 * Level 3.1 Invocations
 * Level 4.1 Evocations


You had 8 spell levels left.
You didn't know any spells.
Your spell library contained the following spells:

 Spells                   Type           Power      Damage    Failure   Level
 Lesser Beckoning         Tloc           0%         N/A       99%         2
 Gell's Gravitas          Tloc           0%         N/A       100%        3
 Teleport Other           Tloc           0%         N/A       100%        3


Dungeon Overview and Level Annotations

Branches:
Dungeon (6/15)            Ossuary (visited)
 Temple: D:4-7

Altars:
Okawaru

Annotations:
D:6 Menkaure


Message History

You slash the howler monkey!
You kill the howler monkey!
Okawaru accepts your kill.
An adder comes into view.
Menkaure calls on the powers of darkness!
Your body is wracked with pain!
You hear an angry growl.
Your Shields skill increases to level 5!
You hear a loud, deep croak!
Menkaure casts a spell at you.
You struggle to resist.
Things that are here:
8 gold pieces; a +0 mace A black bear comes into view.
A bullfrog comes into view.
Menkaure casts a spell.
Menkaure seems to speed up.
Found 5 stones.
Menkaure calls on the powers of darkness!
The black bear convulses!
Your body is wracked with pain!
* * * LOW HITPOINT WARNING * * *
The adder convulses!
The bullfrog convulses!
You slash Menkaure!
Menkaure is moderately damaged.
Menkaure casts a spell at you.
You struggle to resist.
You completely miss Menkaure.
Menkaure is moderately damaged.
Menkaure calls on the powers of darkness!
The black bear convulses!
Your body is wracked with pain!
* * * LOW HITPOINT WARNING * * *
The adder convulses!
The bullfrog convulses!
The adder bites you but does no damage.
You hear a shout!
Okay, then.
It was a potion of curing.
You feel better. Menkaure hits you!
* * * LOW HITPOINT WARNING * * *
The bullfrog hits you but does no damage.
The adder bites you but does no damage.
The black bear goes berserk!
Menkaure hits you!
You die...

##.............
.######.##....>......
.#.#.##...)......#...
..........##...###.#. #
.........###..## .# .#.
.#......##.##.####.#....
##<.#........$#........
#..##..................
#...#.......##.S@Fh.....
...##........##.#M......
### ......S. ###.......
#....## ....... .....
....... ....... .......
(......


You could see a black bear (berserk), Menkaure (fast), a bullfrog and an adder.

Vanquished Creatures
  2 two-headed ogres (D:5)
  An ice beast (D:4)
  2 black bears (D:5)
  A sky beast (D:5)
  A phantom (D:5)
  An elf zombie (Ossuary)
  A howler monkey (D:6)
  2 centaur zombies (Ossuary)
  A hound (D:5)
  A sleepcap (D:5)
  3 orc wizards
  2 ogre zombies (Ossuary)
  7 mummies (Ossuary)
  5 adders
  A river rat (D:4)
  3 adder zombies (Ossuary)
  4 dart slugs
  5 ribbon worms
  11 orcs
  7 endoplasms
  4 giant cockroaches
  5 goblins
  4 hobgoblins
  3 quokkas
  12 ball pythons
  4 bats
  2 frilled lizards (D:1)
  2 goblin zombies (Ossuary)
  3 hobgoblin zombies (Ossuary)
  7 kobolds
  2 kobold zombies (Ossuary)
  10 quokka zombies (Ossuary)
  6 rats
  4 rat zombies (Ossuary)
129 creatures vanquished.

Notes
Turn   | Place    | Note
-------+----------+-------------------------------------------
     0 | D:1      | Dorkslayer the Hill Orc Fighter began the quest for the
                  | Orb.
     0 | D:1      | Reached XP level 1. HP: 19/19 MP: 1/1
   113 | D:1      | Reached skill level 3 in Axes
   118 | D:1      | Reached XP level 2. HP: 27/27 MP: 2/2
   255 | D:1      | You fall into a shaft and drop 1 floor!
   341 | D:1      | Reached XP level 3. HP: 33/33 MP: 3/3
  1121 | D:2      | Reached skill level 4 in Axes
  1121 | D:2      | Reached XP level 4. HP: 40/40 MP: 4/4
  1575 | D:3      | Reached skill level 1 in Dodging
  2289 | D:4      | Found a sand-covered staircase.
  2298 | Ossuary  | Entered an ossuary
  2307 | Ossuary  | Reached XP level 5. HP: 46/46 MP: 5/5
  2359 | Ossuary  | Reached skill level 5 in Axes
  2359 | Ossuary  | Reached skill level 1 in Evocations
  2436 | Ossuary  | Reached XP level 6. HP: 53/53 MP: 6/6
  2571 | Ossuary  | Reached skill level 6 in Axes
  2627 | Ossuary  | Reached skill level 5 in Fighting
  2729 | D:4      | Reached XP level 7. HP: 25/61 MP: 7/7
  3316 | D:4      | Found an iron altar of Okawaru.
  3374 | D:4      | Became a worshipper of Warmaster Okawaru
  3842 | D:5      | Entered Level 5 of the Dungeon
  3843 | D:5      | Noticed a two-headed ogre
  3846 | D:5      | Noticed a two-headed ogre
  3847 | D:5      | Killed a two-headed ogre
  3847 | D:5      | Reached * piety under Okawaru
  3847 | D:5      | Reached ** piety under Okawaru
  3848 | D:5      | Reached skill level 7 in Axes
  3848 | D:5      | Reached skill level 5 in Armour
  3848 | D:5      | Reached XP level 8. HP: 70/70 MP: 8/8
  3858 | D:5      | Killed a two-headed ogre
  3858 | D:5      | Reached *** piety under Okawaru
  3859 | D:5      | Reached skill level 8 in Axes
  3859 | D:5      | Reached skill level 1 in Throwing
  3859 | D:5      | Reached XP level 9. HP: 65/75 MP: 8/10
  4609 | D:6      | Noticed Menkaure
  4613 | D:6      | Reached skill level 5 in Shields
  4618 | D:6      | Slain by Menkaure

Illustrated notes

Levels and vault maps discovered:
D:1:      minmay_arrival_open_corners, layout_basic
D:2:      layout_basic, nicolae_the_louvre
D:3:      layout_loops_ring
D:4:      layout_layer_cave, mainiacjoe_overflow_alcove_4, portal_sewer_entry_e,
          nicolae_ossuary_entry_ruins, supply_closet_lemuel,
          minmay_misc_feat_doors
D:5:      layout_loops_cross, kennysheep_pointless_box
D:6:      layout_cave_pools, minmay_temple_entry_enclosed_plants, uniq_menkaure

Skill      XL: |  1  2  3  4  5  6  7  8  9 |
---------------+----------------------------+-----
Axes           | 3 4 5 6 7 8 |  8.7
Fighting       | 4 5 6 |  6.7
Dodging        | 1 2 3 |  3.6
Armour         | 4 5 6 |  6.0
Evocations     | 1 3 4 |  4.1
Shields        | 4 5 |  5.0
Throwing       | 1 |  1.1
Invocations    | 2 3 |  3.1
Stealth        | |  0.4

Action                     |  1- 3 |  4- 6 |  7- 9 || total
---------------------------+-------+-------+-------++-------
  Melee: War axe           |    80 |   154 |    75 ||   309
  Throw: Javelin           |       |     1 |     5 ||     6
  Evoke: Wand              |       |       |     6 ||     6
    Use: Scroll            |       |     8 |     2 ||    10
         Potion            |       |     1 |     1 ||     2
 Armour: Scale mail        |    24 |       |       ||    24
         Chain mail        |    38 |   119 |    46 ||   203
  Dodge: Dodged            |    37 |    64 |    15 ||   116
  Block: Buckler           |    19 |    48 |    21 ||    88

Table legend: (Time is in decaauts)
 A = Elapsed time spent in this place.
 B = Non-inter-level travel time spent in this place.
 C = Inter-level travel time spent in this place.
 D = Time resting spent in this place.
 E = Time spent auto-exploring this place.
 F = Levels seen in this place.
 G = Mean time per level.
                   A        B        C        D        E       F      G
               +--------+--------+--------+--------+--------+-----+--------+
         Total |   4702 |   4702 |      0 |      0 |   2743 |   7 |  671.7 |
       Dungeon |   4336 |   4336 |      0 |      0 |   2743 |   6 |  722.7 |
       Ossuary |    366 |    366 |      0 |      0 |      0 |   1 |  366.0 |
               +--------+--------+--------+--------+--------+-----+--------+

Top non-repeatable levels by time:
     D:4: 1414 daAuts
     D:2: 838 daAuts
     D:5: 750 daAuts
     D:3: 663 daAuts
     D:1: 637 daAuts
 Ossuary: 366 daAuts
     D:6: 32 daAuts
